 Dungeon Crawl Stone Soup version 0.29.0-4-gdea44cf6ec (webtiles) character file.

Game seed: 9768772265415265596

16000 qw the Brawler (level 12, -2/114 HPs)
             Began as a Troll Cinder Acolyte on Aug 30, 2022.
             Was an Initiate of Okawaru.
             Slain by a fire elemental (12 damage)
             ... created by the fiery vengeance of Ignis
             ... on level 1 of the Lair of Beasts.
             The game lasted 00:05:46 (11762 turns).

qw the Brawler (Troll Cinder Acolyte)              Turns: 11762, Time: 00:05:47

Health: -2/114     AC: 12    Str: 29    XL:     12   Next: 6%
Magic:  12/12      EV:  7    Int: 12    God:    Okawaru [......]
Gold:   1016       SH: 13    Dex: 11    Spells: 13/13 levels left

rFire   . . .      SeeInvis .     - Unarmed
rCold   . . .      Faith    .   o - +0 tower shield
rNeg    + . .      Spirit   .   g - +0 acid dragon scales
rPois   +          Reflect  .   l - +2 hat
rElec   +          Harm     .   r - +1 cloak
rCorr   +          Rampage  .   (gloves unavailable)
Will    .....                   (boots unavailable)
Stlth   +.........              e - amulet of the acrobat
HPRegen 1.09/turn               u - ring of poison resistance
MPRegen 0.13/turn               a - ring of the Three Sharing Seas {rElec rN+ Int+2 Dex+6}

@: about to teleport, fire susceptible
A: large, unfitting armour, claws 3, regeneration 1, shaggy fur 1, tough skin 1
a: Renounce Religion


You were on level 1 of the Lair of Beasts.
You worshipped Okawaru.
Okawaru was noncommittal.
You visited 3 branches of the dungeon, and saw 13 of its levels.
You visited the Abyss 1 time.

You collected 1016 gold pieces.


Innate Abilities, Weirdness & Mutations

You are too large for most types of armour.
You have claws for hands.
Your natural rate of healing is unusually fast.
You are covered in fur. (AC +1)
You have tough skin. (AC +1)


   Skills:
 - Level 6.0 Fighting
 - Level 6.3 Throwing
 - Level 1.5 Armour
 - Level 3.6 Dodging
 + Level 5.3 Shields
 - Level 15.5 Unarmed Combat
 - Level 1.0 Spellcasting
 - Level 2.1 Fire Magic


You had 13 spell levels left.
You didn't know any spells.
Your spell library contained the following spells:

 Spells                   Type           Power      Damage    Failure   Level
 Scorch                   Fire           10%        2d6       80%         2

Inventory:

Missiles
 p - 3 boomerangs
 s - 7 javelins
 v - 6 large rocks (quivered)
Armour
 g - +0 acid dragon scales (worn)
 l - a +2 hat (worn)
 o - a +0 tower shield (worn)
 r - a +1 cloak (worn)
Jewellery
 a - the ring of the Three Sharing Seas (right claw) {rElec rN+ Int+2 Dex+6}
   (You found it on level 1 of the Lair of Beasts)

   [ring of dexterity]

   Int:       It affects your intelligence (+2).
   Dex:       It affects your dexterity (+6).
   rElec:     It insulates you from electricity.
   rN:        It protects you from negative energy.
 e - an amulet of the acrobat (around neck)
 m - a +4 ring of protection
 u - a ring of poison resistance (left claw)
 Y - a +4 ring of evasion
Scrolls
 c - 2 scrolls of identify
 i - 2 scrolls of enchant weapon
 w - a scroll of brand weapon
Potions
 b - 3 potions of might
 d - 5 potions of curing
 f - 3 potions of resistance
 h - a potion of haste {unknown}
 j - 3 potions of mutation
 k - 3 potions of heal wounds

Dungeon Overview and Level Annotations

Branches:
Dungeon (11/15)            Temple (1/1) D:6            Lair (1/5) D:11
    Orc (0/2) D:10

Altars:
Ashenzari
Cheibriados
Dithmenos
Elyvilon
Fedhas
Gozag
Hepliaklqana
Kikubaaqudgha
Nemelex Xobeh
Okawaru
Qazlal
Ru
Sif Muna
Trog
Uskayaw
Vehumet
Wu Jian
Xom
Zin
The Shining One

Annotations:
D:6 1 runed translucent door, Crazy Yiuf
D:8 1 runed translucent door
D:11 2 runed translucent doors, qw's ghost, journeyman TrCA
Temple 4 transporters


Message History

You destroy the fire elemental!
That felt strangely unrewarding.
The fire elemental hits you. The fire elemental burns you!
You closely miss the fire elemental. The fire elemental hits you.
The fire elemental burns you!
You mangle the fire elemental!!
The fire elemental is almost destroyed.
You block the fire elemental's attack.
You barely miss the fire elemental.
The fire elemental is almost destroyed.
You block the fire elemental's attack.
You barely miss the fire elemental.
The fire elemental is almost destroyed.
The fire elemental barely misses you. You block the fire elemental's attack.
You claw the fire elemental!
You destroy the fire elemental!
That felt strangely unrewarding.
You start resting.
Ignis calls forth spirits of fire to unmake you! 3 fire elementals come into view.
You closely miss the fire elemental. You barely miss the fire elemental.
You block the fire elemental's attack.
You closely miss the fire elemental. The fire elemental hits you.
The fire elemental burns you! The fire elemental hits you.
The fire elemental burns you! The fire elemental hits you.
The fire elemental burns you!
11761 ||| READING scroll of teleportation.
As you read the scroll of teleportation, it crumbles to dust.
You feel strangely unstable. You block the fire elemental's attack.
The fire elemental hits you. The fire elemental burns you!
You block the fire elemental's attack.
11762 ||| DRINKING 4 potions of heal wounds.
You feel much better. The fire elemental hits you.
The fire elemental burns you! The fire elemental hits you.
The fire elemental burns you! You block the fire elemental's attack.
The fire elemental barely misses you. The fire elemental hits you.
The fire elemental burns you! The fire elemental hits you.
The fire elemental burns you!
You die...

##...#.## .. .....#..##
##........ .........#
##........#
.....#.#.####.........#
.....#.#/##..........#
..........#.........#
.....#.....#........#
.....#.#......0E..#
...............E@E#
#..##........>...##
............##..##
...........######
...........#
.........P##
..#.....### ...###.##
...# ###


You could see 3 fire elementals.

Vanquished Creatures
  Snorg (D:10)
  Harold (D:10)
  A hydra (D:11)
  Pikel (D:5)
  A wizard (D:10)
  A cyclops (D:11)
  5 elephants (Lair:1)
  A gargoyle (D:11)
  A black mamba (Lair:1)
  A komodo dragon (D:11)
  4 trolls
  A polar bear (Lair:1)
  3 blink frogs (Lair:1)
  2 hornets
  5 large abominations (D:10)
  A shadow (D:11)
  2 fire elementals (Lair:1)
  A wraith (D:8)
  6 wyverns
  A vampire (D:10)
  2 basilisks (D:11)
  A steam dragon (D:8)
  7 small abominations (D:10)
  5 acid dragons
  3 water moccasins
  A sky beast (D:7)
  5 ice beasts
  4 orc warriors
  An ogre (D:7)
  5 centaurs
  3 phantoms
  3 lemures (D:5)
  2 kobold brigands
  3 bullfrogs
  A scorpion (D:6)
  3 wights (D:7)
  3 killer bees (D:9)
  4 howler monkeys (D:11)
  A jelly (D:6)
  4 hounds
  5 orc priests
  A gnoll bouda (D:5)
  3 iguanas
  7 orc wizards
  Ijyb (D:3)
  5 gnolls (D:5)
  7 adders
  A shadow imp (D:6)
  2 white imps (D:6)
  3 worms
  3 dart slugs
  42 orcs
  7 ball pythons
  A bat (D:1)
  9 endoplasms
  3 giant cockroaches
  12 goblins
  12 hobgoblins
  9 jackals
  18 kobolds
  2 quokkas (D:1)
  4 frilled lizards
  2 rats
260 creatures vanquished.

Vanquished Creatures (others)
  An angel (D:10)
1 creature vanquished.

Grand Total: 261 creatures vanquished

Notes
Turn   | Place    | Note
-------+----------+-------------------------------------------
     0 | D:1      | qw the Troll Cinder Acolyte began the quest for the Orb.
     0 | D:1      | Reached XP level 1. HP: 22/22 MP: 1/1
     0 | D:1      | 0 ||| qw: Version: 0.1-a-95-gae9e614
     0 | D:1      | 0 ||| qw: Game counter: 4425
     0 | D:1      | 0 ||| qw: Always use a shield: true
     0 | D:1      | 0 ||| qw: God list: Okawaru
     0 | D:1      | 0 ||| qw: Allow faded altars: false
     0 | D:1      | 0 ||| qw: Do Orc after D:15 true
     0 | D:1      | 0 ||| qw: Do second Lair branch before Depths: true
     0 | D:1      | 0 ||| qw: Lair rune preference: random
     0 | D:1      | 0 ||| qw: Plans: Normal
     0 | D:1      | 0 ||| PLANNING D:1-11
   172 | D:1      | Reached XP level 2. HP: 24/29 MP: 2/2
   201 | D:1      | 201 ||| Stepping ~*~*~tactically~*~*~ (stealth).
   387 | D:1      | 387 ||| Stepping ~*~*~tactically~*~*~ (outnumbered).
   397 | D:1      | Reached skill level 4 in Unarmed Combat
   711 | D:1      | 711 ||| Stepping ~*~*~tactically~*~*~ (hiding).
   719 | D:1      | Reached XP level 3. HP: 36/36 MP: 3/3
   871 | D:1      | 871 ||| UPGRADING to amulet of the acrobat.
   876 | D:1      | 876 ||| READING scroll labelled ULYWUHUOXKU.
   877 | D:1      | 877 ||| READING 2 scrolls labelled TERCHI OTAST.
   878 | D:1      | 878 ||| READING scroll labelled ROTYAH KEAZAB.
   879 | D:1      | 879 ||| READING scroll labelled WUAGIEFOST.
   880 | D:1      | 880 ||| DRINKING 2 sedimented grey potions.
   881 | D:1      | 881 ||| DRINKING 2 bubbling red potions.
   882 | D:1      | 882 ||| DROPPING potion of attraction.
   883 | D:1      | 883 ||| DROPPING scroll of blinking.
   949 | D:2      | 949 ||| Stepping ~*~*~tactically~*~*~ (stealth).
   963 | D:2      | Reached skill level 1 in Throwing
   968 | D:2      | 968 ||| Stepping ~*~*~tactically~*~*~ (stealth).
   970 | D:2      | 970 ||| Stepping ~*~*~tactically~*~*~ (stealth).
  1022 | D:2      | 1022 ||| FLEEEEING.
  1069 | D:2      | 1069 ||| Stepping ~*~*~tactically~*~*~ (stealth).
  1077 | D:2      | 1077 ||| Stepping ~*~*~tactically~*~*~ (outnumbered).
  1149 | D:2      | Found a faded altar of an unknown god.
  1507 | D:2      | 1507 ||| UPGRADING to +6 ring of dexterity.
  1508 | D:2      | 1508 ||| READING scroll labelled GYSOEL FUAS.
  1509 | D:2      | 1509 ||| DRINKING 2 fizzy green potions.
  1529 | D:2      | 1529 ||| DROPPING potion of lignification.
  1620 | D:3      | Reached XP level 4. HP: 31/44 MP: 4/4
  1661 | D:3      | 1661 ||| Stepping ~*~*~tactically~*~*~ (stealth).
  1698 | D:3      | Reached skill level 5 in Unarmed Combat
  1774 | D:3      | 1774 ||| Stepping ~*~*~tactically~*~*~ (stealth).
  1775 | D:3      | 1775 ||| Stepping ~*~*~tactically~*~*~ (stealth).
  1786 | D:3      | 1786 ||| Stepping ~*~*~tactically~*~*~ (stealth).
  1787 | D:3      | 1787 ||| Stepping ~*~*~tactically~*~*~ (stealth).
  1821 | D:3      | Noticed Ijyb
  1822 | D:3      | 1822 ||| Stepping ~*~*~tactically~*~*~ (hiding).
  1851 | D:3      | Killed Ijyb
  1852 | D:3      | Reached skill level 1 in Dodging
  1852 | D:3      | Reached XP level 5. HP: 32/50 MP: 5/5
  2273 | D:3      | 2273 ||| READING 2 scrolls labelled VODOOB CATHROYH.
  2274 | D:3      | 2274 ||| READING scroll labelled ZOISIF YHIUXE.
  2277 | D:3      | 2277 ||| READING 3 scrolls labelled PETUME ZIKODU.
  2278 | D:3      | 2278 ||| DRINKING 3 murky silvery potions.
  2279 | D:3      | 2279 ||| DROPPING scroll of poison.
  2305 | D:4      | 2305 ||| STAIRDANCE
  2418 | D:4      | You fall into a shaft and drop 2 floors!
  2434 | D:6      | 2434 ||| READING 3 scrolls of identify.
  2434 | D:6      | 2434 ||| IDENTIFYING lumpy puce potion
  2443 | D:5      | Entered Level 5 of the Dungeon
  2445 | D:5      | Noticed a centaur
  2458 | D:5      | 2458 ||| INVOKING Fiery Armour.
  2458 | D:5      | Killed a centaur
  2459 | D:5      | Reached skill level 6 in Unarmed Combat
  2571 | D:5      | Noticed an ice beast
  2579 | D:5      | Killed an ice beast
  2580 | D:5      | Reached XP level 6. HP: 59/59 MP: 6/6
  2591 | D:5      | 2591 ||| READING scroll labelled ADGHET BIFAGOMO.
  2592 | D:5      | 2592 ||| READING 2 scrolls of identify.
  2592 | D:5      | 2592 ||| IDENTIFYING fizzy golden potion
  2726 | D:4      | 2726 ||| Stepping ~*~*~tactically~*~*~ (hiding).
  2731 | D:4      | Reached skill level 7 in Unarmed Combat
  2733 | D:4      | 2733 ||| Stepping ~*~*~tactically~*~*~ (outnumbered).
  2735 | D:4      | 2735 ||| Stepping ~*~*~tactically~*~*~ (outnumbered).
  2736 | D:4      | 2736 ||| Stepping ~*~*~tactically~*~*~ (outnumbered).
  2737 | D:4      | 2737 ||| Stepping ~*~*~tactically~*~*~ (outnumbered).
  2738 | D:4      | 2738 ||| Stepping ~*~*~tactically~*~*~ (outnumbered).
  2739 | D:4      | 2739 ||| INVOKING Fiery Armour.
  2740 | D:4      | 2740 ||| Stepping ~*~*~tactically~*~*~ (outnumbered).
  2741 | D:4      | 2741 ||| Stepping ~*~*~tactically~*~*~ (outnumbered).
  2744 | D:4      | 2744 ||| FLEEEEING.
  2745 | D:4      | 2745 ||| FLEEEEING.
  2746 | D:4      | 2746 ||| STAIRDANCE
  2785 | D:3      | 2785 ||| READING scroll labelled KAJIGE RYERPHO.
  2788 | D:4      | 2788 ||| STAIRDANCE
  3229 | D:4      | 3229 ||| Stepping ~*~*~tactically~*~*~ (stealth).
  3659 | D:5      | Noticed an ice beast
  3673 | D:5      | 3673 ||| INVOKING Fiery Armour.
  3673 | D:5      | HP: 6/59 [ice beast (12)]
  3674 | D:5      | 3674 ||| READING 2 scrolls of teleportation.
  3676 | D:5      | Killed an ice beast
  3677 | D:5      | Reached XP level 7. HP: 10/66 MP: 7/7
  3745 | D:5      | 3745 ||| Stepping ~*~*~tactically~*~*~ (stealth).
  3752 | D:5      | 3752 ||| Stepping ~*~*~tactically~*~*~ (stealth).
  3755 | D:5      | Reached skill level 8 in Unarmed Combat
  3759 | D:5      | 3759 ||| Stepping ~*~*~tactically~*~*~ (hiding).
  3770 | D:5      | 3770 ||| Stepping ~*~*~tactically~*~*~ (stealth).
  3771 | D:5      | 3771 ||| Stepping ~*~*~tactically~*~*~ (stealth).
  3803 | D:5      | 3803 ||| Stepping ~*~*~tactically~*~*~ (stealth).
  3816 | D:5      | 3816 ||| Stepping ~*~*~tactically~*~*~ (stealth).
  3817 | D:5      | 3817 ||| Stepping ~*~*~tactically~*~*~ (stealth).
  3818 | D:5      | 3818 ||| Stepping ~*~*~tactically~*~*~ (stealth).
  3821 | D:5      | Reached skill level 3 in Fighting
  3844 | D:5      | 3844 ||| Stepping ~*~*~tactically~*~*~ (hiding).
  3853 | D:5      | 3853 ||| Stepping ~*~*~tactically~*~*~ (outnumbered).
  3857 | D:5      | 3857 ||| INVOKING Fiery Armour.
  3862 | D:5      | HP: 14/67 [gnoll bouda/+0 whip (7)]
  3863 | D:5      | 3863 ||| READING scroll of teleportation.
  3866 | D:5      | Reached XP level 8. HP: 9/75 MP: 8/8
  3943 | D:5      | Noticed Pikel
  3947 | D:5      | 3947 ||| Stepping ~*~*~tactically~*~*~ (outnumbered).
  3948 | D:5      | 3948 ||| Stepping ~*~*~tactically~*~*~ (outnumbered).
  3963 | D:5      | Killed Pikel
  3964 | D:5      | Reached skill level 10 in Unarmed Combat
  4057 | D:5      | 4057 ||| Stepping ~*~*~tactically~*~*~ (hiding).
  4192 | D:5      | 4192 ||| Stepping ~*~*~tactically~*~*~ (hiding).
  4195 | D:5      | 4195 ||| Stepping ~*~*~tactically~*~*~ (hiding).
  4366 | D:5      | 4366 ||| Stepping ~*~*~tactically~*~*~ (stealth).
  4368 | D:5      | 4368 ||| Stepping ~*~*~tactically~*~*~ (stealth).
  4674 | D:5      | 4674 ||| UPGRADING to +2 robe of willpower.
  4684 | D:5      | 4684 ||| DROPPING +0 robe.
  4685 | D:5      | 4685 ||| UPGRADING to +2 hat.
  4708 | D:6      | 4708 ||| Stepping ~*~*~tactically~*~*~ (stealth).
  4769 | D:6      | Found a staircase to the Ecumenical Temple.
  4926 | D:6      | Found a runed translucent door.
  4927 | D:6      | Noticed Crazy Yiuf
  4991 | D:6      | 4991 ||| Stepping ~*~*~tactically~*~*~ (outnumbered).
  4992 | D:6      | 4992 ||| Stepping ~*~*~tactically~*~*~ (outnumbered).
  4993 | D:6      | 4993 ||| Stepping ~*~*~tactically~*~*~ (outnumbered).
  4994 | D:6      | 4994 ||| Stepping ~*~*~tactically~*~*~ (outnumbered).
  4995 | D:6      | 4995 ||| Stepping ~*~*~tactically~*~*~ (outnumbered).
  4996 | D:6      | 4996 ||| Stepping ~*~*~tactically~*~*~ (outnumbered).
  4997 | D:6      | 4997 ||| Stepping ~*~*~tactically~*~*~ (outnumbered).
  4998 | D:6      | 4998 ||| Stepping ~*~*~tactically~*~*~ (outnumbered).
  4999 | D:6      | 4999 ||| Stepping ~*~*~tactically~*~*~ (outnumbered).
  5000 | D:6      | 5000 ||| Stepping ~*~*~tactically~*~*~ (outnumbered).
  5001 | D:6      | 5001 ||| Stepping ~*~*~tactically~*~*~ (outnumbered).
  5007 | D:6      | Reached XP level 9. HP: 73/84 MP: 9/9
  5256 | D:6      | 5256 ||| UPGRADING to +4 ring of evasion.
  5312 | D:7      | Reached skill level 11 in Unarmed Combat
  5340 | D:7      | 5340 ||| Stepping ~*~*~tactically~*~*~ (stealth).
  5344 | D:7      | 5344 ||| Stepping ~*~*~tactically~*~*~ (outnumbered).
  5345 | D:7      | 5345 ||| Stepping ~*~*~tactically~*~*~ (outnumbered).
  5353 | D:7      | Reached skill level 3 in Throwing
  5383 | D:7      | 5383 ||| Stepping ~*~*~tactically~*~*~ (stealth).
  5384 | D:7      | 5384 ||| Stepping ~*~*~tactically~*~*~ (stealth).
  5386 | D:7      | 5386 ||| Stepping ~*~*~tactically~*~*~ (stealth).
  5387 | D:7      | 5387 ||| Stepping ~*~*~tactically~*~*~ (stealth).
  5414 | D:7      | Paralysed by a hornet for 3 turns
  5418 | D:7      | 5418 ||| INVOKING Fiery Armour.
  5419 | D:7      | HP: 21/84 [hornet (5)]
  5420 | D:7      | 5420 ||| READING scroll of teleportation.
  5420 | D:7      | HP: 7/84 [hornet (12)]
  5420 | D:7      | Paralysed by a hornet for 3 turns
  5425 | D:7      | HP: 6/84 [poisoned by a hornet]
  5507 | D:7      | Found a shadowy altar of Dithmenos.
  5650 | D:7      | Identified the +12 morningstar "Dein" {freeze, Dex+3}
  5981 | D:7      | Reached skill level 12 in Unarmed Combat
  6004 | D:7      | 6004 ||| Stepping ~*~*~tactically~*~*~ (outnumbered).
  6005 | D:7      | 6005 ||| Stepping ~*~*~tactically~*~*~ (outnumbered).
  6183 | D:7      | 6183 ||| UPGRADING to +0 cloak.
  6188 | D:7      | 6188 ||| READING scroll labelled QURHIU VOGOR.
  6189 | D:7      | 6189 ||| READING scroll labelled GUZOIL OVOLE.
  6190 | D:7      | 6190 ||| DRINKING 2 clear potions.
  6191 | D:7      | 6191 ||| READING 2 scrolls of identify.
  6191 | D:7      | 6191 ||| IDENTIFYING murky coppery potion
  6192 | D:7      | 6192 ||| DROPPING potion of magic.
  6272 | D:8      | 6272 ||| Stepping ~*~*~tactically~*~*~ (stealth).
  6697 | D:8      | Found a runed translucent door.
  6887 | D:8      | Found an opulent altar of Gozag.
  6887 | D:8      | Found an ornate altar of the Wu Jian Council.
  6888 | D:8      | 6888 ||| Stepping ~*~*~tactically~*~*~ (hiding).
  7001 | D:8      | Found a hide-covered altar of Uskayaw.
  7003 | D:8      | Found a blossoming altar of Fedhas.
  7005 | D:8      | Found a snail-covered altar of Cheibriados.
  7075 | D:8      | 7075 ||| INVOKING Fiery Armour.
  7222 | D:8      | 7222 ||| READING scroll labelled MEFE FAEMAXT.
  7223 | D:8      | 7223 ||| DRINKING 2 fuming orange potions.
  7224 | D:8      | 7224 ||| DRINKING 2 red potions.
  7225 | D:8      | 7225 ||| READING 2 scrolls of identify.
  7225 | D:8      | 7225 ||| IDENTIFYING grey potion
  7226 | D:8      | 7226 ||| DROPPING potion of ambrosia.
  7227 | D:8      | 7227 ||| DROPPING potion of brilliance.
  7228 | D:8      | 7228 ||| DROPPING potion of degeneration.
  7248 | D:9      | Reached XP level 10. HP: 96/96 MP: 10/10
  7324 | D:9      | Found a shimmering blue altar of Sif Muna.
  7342 | D:9      | 7342 ||| Stepping ~*~*~tactically~*~*~ (outnumbered).
  7344 | D:9      | Reached skill level 13 in Unarmed Combat
  7345 | D:9      | 7345 ||| FLEEEEING.
  7346 | D:9      | 7346 ||| FLEEEEING.
  7347 | D:9      | 7347 ||| FLEEEEING.
  7348 | D:9      | 7348 ||| FLEEEEING.
  7349 | D:9      | 7349 ||| FLEEEEING.
  7350 | D:9      | 7350 ||| FLEEEEING.
  7351 | D:9      | 7351 ||| FLEEEEING.
  7352 | D:9      | 7352 ||| FLEEEEING.
  7353 | D:9      | 7353 ||| FLEEEEING.
  7354 | D:9      | 7354 ||| FLEEEEING.
  7355 | D:9      | 7355 ||| FLEEEEING.
  7643 | D:9      | 7643 ||| READING scroll of enchant armour.
  7643 | D:9      | 7643 ||| ENCHANTING +0 cloak.
  7782 | D:10     | Entered Level 10 of the Dungeon
  7783 | D:10     | Noticed an angel
  7785 | D:10     | 7785 ||| STAIRDANCE
  7791 | D:9      | Reached skill level 1 in Armour
  7845 | D:10     | 7845 ||| Stepping ~*~*~tactically~*~*~ (hiding).
  7947 | D:10     | 7947 ||| Stepping ~*~*~tactically~*~*~ (hiding).
  8049 | D:10     | 8049 ||| FLEEEEING.
  8057 | D:10     | 8057 ||| FLEEEEING.
  8064 | D:10     | 8064 ||| STAIRDANCE
  8189 | D:10     | Found a glowing silver altar of Zin.
  8189 | D:10     | Found a shimmering altar of Xom.
  8239 | D:10     | Found a flagged portal.
  8341 | D:10     | 8341 ||| Stepping ~*~*~tactically~*~*~ (outnumbered).
  8342 | D:10     | 8342 ||| Stepping ~*~*~tactically~*~*~ (outnumbered).
  8343 | D:10     | 8343 ||| Stepping ~*~*~tactically~*~*~ (outnumbered).
  8344 | D:10     | 8344 ||| Stepping ~*~*~tactically~*~*~ (outnumbered).
  8345 | D:10     | 8345 ||| Stepping ~*~*~tactically~*~*~ (outnumbered).
  8346 | D:10     | 8346 ||| Stepping ~*~*~tactically~*~*~ (outnumbered).
  8347 | D:10     | 8347 ||| Stepping ~*~*~tactically~*~*~ (outnumbered).
  8348 | D:10     | 8348 ||| Stepping ~*~*~tactically~*~*~ (outnumbered).
  8377 | D:10     | 8377 ||| Stepping ~*~*~tactically~*~*~ (stealth).
  8382 | D:10     | 8382 ||| Stepping ~*~*~tactically~*~*~ (outnumbered).
  8383 | D:10     | 8383 ||| Stepping ~*~*~tactically~*~*~ (outnumbered).
  8384 | D:10     | 8384 ||| Stepping ~*~*~tactically~*~*~ (outnumbered).
  8385 | D:10     | 8385 ||| Stepping ~*~*~tactically~*~*~ (outnumbered).
  8386 | D:10     | 8386 ||| Stepping ~*~*~tactically~*~*~ (outnumbered).
  8387 | D:10     | 8387 ||| Stepping ~*~*~tactically~*~*~ (outnumbered).
  8388 | D:10     | 8388 ||| Stepping ~*~*~tactically~*~*~ (outnumbered).
  8390 | D:10     | 8390 ||| FLEEEEING.
  8391 | D:10     | 8391 ||| FLEEEEING.
  8392 | D:10     | 8392 ||| FLEEEEING.
  8393 | D:10     | 8393 ||| FLEEEEING.
  8394 | D:10     | 8394 ||| FLEEEEING.
  8395 | D:10     | 8395 ||| FLEEEEING.
  8396 | D:10     | 8396 ||| FLEEEEING.
  8397 | D:10     | 8397 ||| FLEEEEING.
  8435 | D:10     | 8435 ||| Stepping ~*~*~tactically~*~*~ (hiding).
  8438 | D:10     | 8438 ||| Stepping ~*~*~tactically~*~*~ (hiding).
  8486 | D:10     | 8486 ||| Stepping ~*~*~tactically~*~*~ (stealth).
  8488 | D:10     | 8488 ||| Stepping ~*~*~tactically~*~*~ (hiding).
  8498 | D:10     | 8498 ||| Stepping ~*~*~tactically~*~*~ (outnumbered).
  8499 | D:10     | 8499 ||| Stepping ~*~*~tactically~*~*~ (outnumbered).
  8500 | D:10     | 8500 ||| Stepping ~*~*~tactically~*~*~ (outnumbered).
  8502 | D:10     | 8502 ||| Stepping ~*~*~tactically~*~*~ (stealth).
  8503 | D:10     | 8503 ||| Stepping ~*~*~tactically~*~*~ (outnumbered).
  8507 | D:10     | 8507 ||| Stepping ~*~*~tactically~*~*~ (outnumbered).
  8508 | D:10     | 8508 ||| Stepping ~*~*~tactically~*~*~ (outnumbered).
  8509 | D:10     | 8509 ||| Stepping ~*~*~tactically~*~*~ (outnumbered).
  8510 | D:10     | 8510 ||| INVOKING Fiery Armour.
  8512 | D:10     | 8512 ||| Stepping ~*~*~tactically~*~*~ (outnumbered).
  8513 | D:10     | 8513 ||| Stepping ~*~*~tactically~*~*~ (outnumbered).
  8514 | D:10     | 8514 ||| Stepping ~*~*~tactically~*~*~ (outnumbered).
  8515 | D:10     | 8515 ||| Stepping ~*~*~tactically~*~*~ (outnumbered).
  8516 | D:10     | 8516 ||| Stepping ~*~*~tactically~*~*~ (outnumbered).
  8517 | D:10     | 8517 ||| Stepping ~*~*~tactically~*~*~ (outnumbered).
  8518 | D:10     | 8518 ||| Stepping ~*~*~tactically~*~*~ (outnumbered).
  8519 | D:10     | 8519 ||| Stepping ~*~*~tactically~*~*~ (outnumbered).
  8520 | D:10     | 8520 ||| Stepping ~*~*~tactically~*~*~ (outnumbered).
  8521 | D:10     | 8521 ||| Stepping ~*~*~tactically~*~*~ (outnumbered).
  8522 | D:10     | 8522 ||| Stepping ~*~*~tactically~*~*~ (outnumbered).
  8523 | D:10     | 8523 ||| Stepping ~*~*~tactically~*~*~ (outnumbered).
  8524 | D:10     | 8524 ||| Stepping ~*~*~tactically~*~*~ (outnumbered).
  8525 | D:10     | 8525 ||| Stepping ~*~*~tactically~*~*~ (outnumbered).
  8526 | D:10     | 8526 ||| Stepping ~*~*~tactically~*~*~ (outnumbered).
  8527 | D:10     | 8527 ||| Stepping ~*~*~tactically~*~*~ (outnumbered).
  8544 | D:10     | 8544 ||| Stepping ~*~*~tactically~*~*~ (stealth).
  8555 | D:10     | 8555 ||| Stepping ~*~*~tactically~*~*~ (stealth).
  8560 | D:10     | 8560 ||| Stepping ~*~*~tactically~*~*~ (stealth).
  8565 | D:10     | 8565 ||| Stepping ~*~*~tactically~*~*~ (hiding).
  8568 | D:10     | 8568 ||| Stepping ~*~*~tactically~*~*~ (outnumbered).
  8628 | D:10     | Noticed Harold
  8650 | D:10     | Killed Harold
  8651 | D:10     | Reached skill level 14 in Unarmed Combat
  8793 | D:10     | Found a staircase to the Orcish Mines.
  8918 | D:10     | Noticed a wizard
  8921 | Abyss:2  | Cast into level 2 of the Abyss (a wizard)
  8933 | D:10     | Escaped the Abyss
  8936 | D:10     | Killed a wizard
  8949 | D:10     | Noticed a large abomination
  8949 | D:10     | Noticed a large abomination
  8950 | D:10     | 8950 ||| INVOKING Fiery Armour.
  8958 | D:10     | Reached skill level 6 in Fighting
  8965 | D:10     | Killed a large abomination
  8965 | D:10     | Noticed a large abomination
  8966 | D:10     | Reached skill level 3 in Dodging
  8975 | D:10     | Killed a large abomination
  8976 | D:10     | Reached XP level 11. HP: 75/105 MP: 11/11
  8981 | D:10     | 8981 ||| FLEEEEING.
  8982 | D:10     | 8982 ||| FLEEEEING.
  9398 | D:10     | Noticed Snorg
  9399 | D:10     | 9399 ||| INVOKING Fiery Armour.
  9407 | D:10     | Killed Snorg
  9429 | D:10     | Killed an angel
  9548 | D:10     | 9548 ||| UPGRADING to +4 ring of protection.
  9550 | D:10     | 9550 ||| DROPPING ring of ice.
  9551 | D:10     | 9551 ||| UPGRADING to ring of poison resistance.
  9553 | D:10     | 9553 ||| DROPPING +6 ring of dexterity.
  9554 | D:10     | 9554 ||| READING scroll labelled MOR QEBBYOH.
  9729 | D:11     | Found a runed translucent door.
  9730 | D:11     | Noticed a centaur warrior
  9730 | D:11     | Noticed a lich
  9730 | D:11     | Noticed a stone giant
  9730 | D:11     | Noticed a necromancer
  9731 | D:11     | Noticed a stone giant
  9735 | D:11     | 9735 ||| Stepping ~*~*~tactically~*~*~ (hiding).
  9735 | D:11     | Noticed qw's ghost (journeyman TrCA)
  9758 | D:11     | 9758 ||| Stepping ~*~*~tactically~*~*~ (hiding).
  9853 | D:11     | Found a runed translucent door.
  9964 | D:11     | 9964 ||| Stepping ~*~*~tactically~*~*~ (stealth).
  9972 | D:11     | 9972 ||| FLEEEEING.
  9973 | D:11     | 9973 ||| FLEEEEING.
  9977 | D:11     | Reached skill level 15 in Unarmed Combat
 10106 | D:11     | Noticed a six-headed hydra
 10107 | D:11     | 10107 ||| Stepping ~*~*~tactically~*~*~ (stealth).
 10108 | D:11     | 10108 ||| INVOKING Fiery Armour.
 10109 | D:11     | 10109 ||| Stepping ~*~*~tactically~*~*~ (stealth).
 10112 | D:11     | 10112 ||| Stepping ~*~*~tactically~*~*~ (outnumbered).
 10113 | D:11     | 10113 ||| Stepping ~*~*~tactically~*~*~ (outnumbered).
 10114 | D:11     | 10114 ||| Stepping ~*~*~tactically~*~*~ (outnumbered).
 10115 | D:11     | 10115 ||| Stepping ~*~*~tactically~*~*~ (outnumbered).
 10116 | D:11     | 10116 ||| Stepping ~*~*~tactically~*~*~ (outnumbered).
 10117 | D:11     | 10117 ||| Stepping ~*~*~tactically~*~*~ (outnumbered).
 10119 | D:11     | Killed a seven-headed hydra
 10120 | D:11     | Reached skill level 6 in Throwing
 10120 | D:11     | 10120 ||| FLEEEEING.
 10121 | D:11     | 10121 ||| FLEEEEING.
 10122 | D:11     | 10122 ||| FLEEEEING.
 10123 | D:11     | 10123 ||| FLEEEEING.
 10124 | D:11     | 10124 ||| FLEEEEING.
 10125 | D:11     | 10125 ||| FLEEEEING.
 10126 | D:11     | 10126 ||| FLEEEEING.
 10127 | D:11     | 10127 ||| FLEEEEING.
 10128 | D:11     | 10128 ||| FLEEEEING.
 10129 | D:11     | 10129 ||| FLEEEEING.
 10130 | D:11     | 10130 ||| FLEEEEING.
 10131 | D:11     | 10131 ||| FLEEEEING.
 10376 | D:11     | 10376 ||| FLEEEEING.
 10377 | D:11     | 10377 ||| FLEEEEING.
 10378 | D:11     | 10378 ||| FLEEEEING.
 10379 | D:11     | 10379 ||| FLEEEEING.
 10380 | D:11     | 10380 ||| FLEEEEING.
 10398 | D:11     | 10398 ||| FLEEEEING.
 10399 | D:11     | 10399 ||| FLEEEEING.
 10400 | D:11     | 10400 ||| FLEEEEING.
 10401 | D:11     | 10401 ||| FLEEEEING.
 10402 | D:11     | 10402 ||| FLEEEEING.
 10403 | D:11     | 10403 ||| FLEEEEING.
 10434 | D:11     | Found a staircase to the Lair.
 10607 | D:11     | Identified the ring "Kavvunal" {rPois rC++ Str-5}
 10803 | D:11     | 10803 ||| PLANNING LAIR
 10803 | D:11     | 10803 ||| DROPPING +0 steam dragon scales.
 10804 | D:11     | 10804 ||| UPGRADING to +0 acid dragon scales.
 10814 | D:11     | 10814 ||| DROPPING +2 robe of willpower.
 10815 | D:11     | 10815 ||| UPGRADING to +0 tower shield.
 10937 | Lair:1   | Entered Level 1 of the Lair of Beasts
 10940 | Lair:1   | Identified the ring of the Three Sharing Seas {rElec rN+
                  | Int+2 Dex+6}
 10967 | Lair:1   | Reached skill level 1 in Shields
 10969 | Lair:1   | 10969 ||| INVOKING Fiery Armour.
 11076 | Lair:1   | Reached skill level 3 in Shields
 11097 | Lair:1   | 11097 ||| Stepping ~*~*~tactically~*~*~ (stealth).
 11098 | Lair:1   | 11098 ||| Stepping ~*~*~tactically~*~*~ (stealth).
 11101 | Lair:1   | 11101 ||| Stepping ~*~*~tactically~*~*~ (outnumbered).
 11102 | Lair:1   | 11102 ||| Stepping ~*~*~tactically~*~*~ (outnumbered).
 11103 | Lair:1   | 11103 ||| Stepping ~*~*~tactically~*~*~ (outnumbered).
 11105 | Lair:1   | 11105 ||| Stepping ~*~*~tactically~*~*~ (outnumbered).
 11112 | Lair:1   | 11112 ||| INVOKING Fiery Armour.
 11120 | Lair:1   | Reached XP level 12. HP: 39/114 MP: 12/12
 11208 | Lair:1   | 11208 ||| PLANNING TEMPLE
 11208 | Lair:1   | 11208 ||| UPGRADING to ring of the Three Sharing Seas
                  | {rElec rN+ Int+2 Dex+6}.
 11458 | Temple   | Entered the Ecumenical Temple
 11458 | Temple   | Found a transporter.
 11458 | Temple   | Found a transporter.
 11460 | Temple   | Found a transporter.
 11460 | Temple   | Found a transporter.
 11469 | Temple   | 11469 ||| PLANNING CONVERSION TO OKAWARU
 11476 | Temple   | Fell from the grace of Ignis
 11476 | Temple   | Became a worshipper of Warmaster Okawaru
 11477 | Temple   | 11477 ||| PLANNING LAIR
 11760 | Lair:1   | HP: 24/114 [fire elemental[the fiery vengeance of Ignis]
                  | (12)]
 11761 | Lair:1   | 11761 ||| READING scroll of teleportation.
 11762 | Lair:1   | 11762 ||| DRINKING 4 potions of heal wounds.
 11762 | Lair:1   | HP: 10/114 [fire elemental[the fiery vengeance of Ignis]
                  | (10)]
 11762 | Lair:1   | Slain by a fire elemental

Levels and vault maps discovered:
D:1:      dpeg_arrival_concentric_ovals, layout_basic
D:2:      layout_basic, serial_glass, glass_columns_c, glass_columns_c,
          ebering_ecumenical_altar_webs
D:3:      layout_basic, minmay_misc_feat_rows, uniq_ijyb
D:4:      layout_layer_cave
D:5:      layout_basic, uniq_pikel
D:6:      layout_cave_pools, minmay_temple_entry_statues_pillars,
          kennysheep_generic_room_15, uniq_crazy_yiuf_cottage
D:7:      layout_basic, mainiacjoe_overflow_brackets
D:8:      layout_basic, chequers_temple_overflow_minitemple,
          hangedman_decor_clover_reticule, lightli_church_of_beogh
D:9:      layout_basic, amcnicky_altar_gilded, kennysheep_generic_room_3
D:10:     layout_stronghold, grunt_temple_overflow_order_and_chaos_1,
          hiddenorc1_lemuel, enter_bailey_5, laboratory, uniq_snorg, uniq_harold
D:11:     layout_stronghold, erik_lair_dragon, muffindrake_ghost_dual_entry
Temple:   hellmonk_temple_divided_pantheon
Lair:1:   beast_lair_carwin_large_3, layout_hall_layers, ldierk_geyser,
          minivault_25, uniq_fannar

Skill      XL: |  1  2  3  4  5  6  7  8  9 10 11 12 |
---------------+-------------------------------------+-----
Unarmed Combat | 4 5 6 7 8 10 12 14 15 | 15.5
Throwing       | 1 2 3 6 |  6.3
Dodging        | 1 2 3 |  3.6
Fighting       | 3 4 5 6 |  6.0
Armour         | 1 |  1.5
Shields        | 4 5 |  5.3
Spellcasting   | |  1.0
Fire Magic     | |  2.1

Action                   |  1- 3 |  4- 6 |  7- 9 | 10-12 || total
-------------------------+-------+-------+-------+-------++-------
Melee: Unarmed           |   127 |   113 |   220 |   264 ||   724
       Punch             |     1 |     4 |    10 |    12 ||    27
Throw: Javelin           |    28 |    22 |    14 |    13 ||    77
       Boomerang         |       |       |       |     2 ||     2
       Large rock        |       |       |       |    34 ||    34
Invok: Fiery Armour      |       |     3 |     3 |     6 ||    12
  Use: Scroll            |     5 |     8 |     7 |     3 ||    23
       Potion            |     3 |     1 |     3 |     1 ||     8
Armor: Robe              |    27 |    31 |    63 |    56 ||   177
       Acid dragon scale |       |       |       |    47 ||    47
Dodge: Dodged            |    50 |    50 |   133 |   188 ||   421
Block: Tower shield      |       |       |       |    47 ||    47

Table legend:
 A = Non-vault XP
 B = Vault XP
 C = Vault XP percentage of total XP
 D = Non-vault monster count
 E = Vault monster count
 F = Vault count percentage of total count
                 A         B        C        D         E       F
            +---------+---------+-------+---------+---------+-------
      Total |   14642 |    8216 |  35.9 |     209 |      46 |  18.0
            +---------+---------+-------+---------+---------+-------
        D:1 |      46 |       0 |   0.0 |      23 |       0 |   0.0
        D:2 |      37 |       0 |   0.0 |      18 |       0 |   0.0
        D:3 |     102 |      33 |  24.4 |      20 |       1 |   4.8
        D:4 |     203 |       0 |   0.0 |      22 |       0 |   0.0
        D:5 |    1095 |     641 |  36.9 |      20 |       1 |   4.8
        D:6 |     697 |      13 |   1.8 |      21 |       1 |   4.5
        D:7 |    1404 |       0 |   0.0 |      19 |       0 |   0.0
        D:8 |    1036 |       0 |   0.0 |      11 |       0 |   0.0
        D:9 |     929 |       0 |   0.0 |       9 |       0 |   0.0
       D:10 |    1214 |    5975 |  83.1 |      13 |      36 |  73.5
       D:11 |    3500 |    1554 |  30.7 |      19 |       7 |  26.9
     Lair:1 |    4379 |       0 |   0.0 |      14 |       0 |   0.0
            +---------+---------+-------+---------+---------+-------
